 Dungeon Crawl Stone Soup version 0.22-a0-266-g5fdf0d7 (webtiles) character file.

54324 RoseArtemis the Tortoise (level 14, -4/133 HPs)
             Began as a Minotaur Fighter on Mar 8, 2018.
             Was a High Priest of Okawaru.
             Slain by an orc warlord
             ... wielding a +0 war axe of pain
              (8 damage)
             ... on level 2 of the Orcish Mines.
             The game lasted 01:02:47 (26374 turns).

RoseArtemis the Tortoise (Minotaur Fighter)        Turns: 26374, Time: 01:02:47

Health: -4/133     AC: 30    Str: 22    XL:     14   Next: 34%
Magic:  12/19      EV: 19    Int:  6    God:    Okawaru [*****.]
Gold:   1105       SH:  9    Dex: 13    Spells: 13/13 levels left

rFire    . . .     SeeInvis +   d - +6 flail (protect)
rCold    . . .     Gourm    .   q - +2 buckler
rNeg     . . .     Faith    .   n - quicksilver dragon scales
rPois    .         Spirit   .   T - +0 hat {SInv}
rElec    .         Reflect  .   H - +2 cloak
rCorr    .         Harm     .   J - +0 pair of gloves
MR       ++++.                  (no boots)
Stlth    ++........             (no amulet)
HPRegen  0.32/turn              h - ring of protection from magic
MPRegen  0.16/turn              A - ring of protection from magic

@: heroism, finesse, protection aura, studying Armour
A: retaliatory headbutt, horns 2
a: Heroism, Finesse, Renounce Religion


You were on level 2 of the Orcish Mines.
You worshipped Okawaru.
Okawaru was extremely pleased with you.
You were hungry.

You visited 4 branches of the dungeon, and saw 21 of its levels.
You also visited: Bailey.

You collected 1906 gold pieces.
You spent 801 gold pieces at shops.

Inventory:

Hand Weapons
 d - a +6 flail of protection (weapon)
Armour
 n - quicksilver dragon scales (worn)
 q - a +2 buckler (worn)
 H - a +2 cloak (worn)
 J - a +0 pair of gloves (worn)
 T - a +0 hat of see invisible (worn)
Jewellery
 h - a ring of protection from magic (left hand)
 r - an uncursed ring of resist corrosion
 v - an uncursed ring of stealth {unknown}
 A - a ring of protection from magic (right hand)
 G - a cursed ring of protection from cold {unknown}
 P - a cursed ring of loudness {unknown}
 Q - an uncursed ring of fire {unknown}
Wands
 c - a wand of disintegration (16)
 O - a wand of flame (12)
 U - a wand of iceblast (19)
 Y - a wand of digging (15)
Scrolls
 a - 2 scrolls of random uselessness {unknown}
 k - 6 scrolls of remove curse
 p - 9 scrolls of teleportation
 u - 7 scrolls of fear
 w - 4 scrolls of immolation {unknown}
 y - 2 scrolls of blinking {unknown}
 C - 3 scrolls of magic mapping
 D - 4 scrolls of amnesia {unknown}
 E - 3 scrolls of fog
 L - 2 scrolls of enchant armour {unknown}
 M - 2 scrolls of brand weapon {unknown}
 N - a scroll of torment {unknown}
 R - a scroll of silence {unknown}
 S - 2 scrolls of summoning
 V - 2 scrolls of holy word {unknown}
 X - 2 scrolls of identify
 Z - 2 scrolls of acquirement {unknown}
Potions
 b - a potion of mutation {unknown}
 e - a potion of magic {unknown}
 g - 3 potions of flight
 i - 2 potions of berserk rage
 j - 2 potions of cancellation
 l - 10 potions of curing
 m - 5 potions of lignification
 o - 4 potions of invisibility {unknown}
 s - 4 potions of haste {unknown}
 t - a potion of resistance {unknown}
 z - 3 potions of brilliance {unknown}
Books
 I - a manual of
Armour
 W - a manual of Armour
Comestibles
 f - 19 rations


   Skills:
 + Level 14.9(19.9) Fighting
   Level 5.6(16.0) Axes
 - Level 14.3(19.7) Maces & Flails
 + Level 15.5(20.5) Armour
 - Level 8.0(13.0) Dodging
 * Level 7.5(12.5) Shields
 + Level 8.8 Invocations


You had 13 spell levels left.
You didn't know any spells.

Dungeon Overview and Level Annotations

Branches:
Dungeon (12/15)            Temple (1/1) D:6            Lair (6/6) D:8
  Swamp (0/4) Lair:2        Snake (0/4) Lair:2        Slime (0/5) Lair:6
    Orc (2/2) D:9
    Elf: Orc:2

Altars:
Ashenzari
Cheibriados
Dithmenos
Elyvilon
Fedhas
Gozag
Hepliaklqana
Kikubaaqudgha
Makhleb
Nemelex Xobeh
Okawaru
Qazlal
Ru
Sif Muna
Trog
Uskayaw
Vehumet
Wu Jian
Xom
Yredelemnul
Zin
The Shining One
Jiyva

Shops:
D:6 !??*(   D:11 (   Orc:1 *

Annotations:
D:2 1 runed door
Orc:2 torrenera's ghost, journeyman HOFi


Innate Abilities, Weirdness & Mutations

You reflexively headbutt those who attack you in melee.
You have a pair of horns on your head.


Message History

The orc priest hits you with a flail.
* * * LOW HITPOINT WARNING * * *
You bludgeon the orc warlord!!
The orc warlord is moderately wounded.
You block the warg's attack. You block the orc's attack.
The orc warlord completely misses you.
You hit the orc warlord.
The orc warlord is moderately wounded.
The orc warrior hits you but does no damage.
You block the orc warrior's attack.
You hit the orc warlord.
The orc warlord is moderately wounded.
You block the orc warrior's attack. The warg barely misses you.
You bludgeon the orc warlord!!
The orc warlord is heavily wounded.
You block the orc priest's attack. You block the orc's attack.
The orc warlord hits you with a war axe of pain!!
* * * LOW HITPOINT WARNING * * *
You writhe in agony.
You die...

##.......... ..
#..........##..
...............
...............
.......$.......
.#.............
.......)o......
....$oo@o......
.....ohooo.....
....oo.oo......
...$.ho.$......
.........#.....
...o.o.o.......
.......... ....
...............


You could see an orc warlord, an orc knight, 2 wargs, 6 orc warriors, 2 orc
priests, an orc wizard (invisible) and 5 orcs.

Vanquished Creatures
  An orc warlord (Orc:1)
  The ghost of kuniqs the Protected, a journeyman DDFi of Makhleb (Orc:1)
  4 dire elephants (Lair:6)
  Harold (D:10)
  3 hydras
  An anaconda (Lair:6)
  A death knight (D:12)
  A two-headed ogre (D:8)
  5 death yaks (Lair:5)
  3 skeletal warriors (D:12)
  An unseen horror (D:10)
  Pikel (D:7)
  An orc knight (Bailey)
  2 ugly things
  An oklob plant (Lair:5)
  13 elephants
  A cyclops (D:12)
  4 black mambas
  The ghost of Pawles22 the Thaumaturge, a novice DEAE of Sif Muna (D:5)
  7 komodo dragons
  11 spiny frogs
  A rime drake (Lair:5)
  2 freezing wraiths (D:12)
  6 trolls
  A hornet (D:9)
  5 blink frogs (Lair:3)
  4 slime creatures (D:12)
  11 hippogriffs
  6 dream sheep (Lair:6)
  2 wraiths (D:12)
  A meliai zombie (D:12)
  A shadow (D:12)
  29 yaks
  Sigmund (D:2)
  Eustachio (D:6)
  A basilisk (Lair:2)
  A steam dragon (D:12)
  A hungry ghost (D:7)
  2 nagas (Lair:2)
  6 wargs
  Menkaure (D:6)
  An acid dragon (D:11)
  8 porcupines
  10 water moccasins
  2 sky beasts
  A slave (D:7)
  25 orc warriors
  3 black bears
  An ice beast (D:6)
  A necrophage (D:9)
  5 phantoms
  8 ogres
  6 centaurs
  4 wolves (Lair:1)
  12 crocodiles
  A big kobold (D:12)
  16 bullfrogs
  A wyvern skeleton (D:7)
  A scorpion (D:7)
  15 killer bees
  3 wights (D:7)
  2 howler monkeys (D:12)
  An electric eel (Lair:3)
  4 jellies
  11 crimson imps
  A bullfrog zombie (D:8)
  2 centaur zombies
  6 orc priests
  4 centaur skeletons
  5 hounds
  An iguana (D:7)
  10 orc wizards
  9 worker ants
  5 hell rats (Lair:4)
  2 hound zombies
  3 hound skeletons
  2 worker ant zombies
  7 gnolls
  11 adders
  A shadow imp (D:12)
  12 oozes
  An adder zombie (D:8)
  3 worms (D:2)
  2 dart slugs
  5 leopard geckos
  73 orcs
  2 giant cockroaches
  15 goblins
  10 hobgoblins
  8 jackals
  5 quokkas
  A ball python (D:3)
  8 bats
  7 frilled lizards
  A jackal skeleton (D:4)
  19 kobolds
  A quokka zombie (D:7)
  6 rats
  3 plants (Lair:6)
540 creatures vanquished.

Vanquished Creatures (others)
  2 slaves (D:7)
  An ice beast (D:7)
  A wight (D:7)
  An adder (D:7)
  24 fungi
  8 plants (Lair:6)
  8 toadstools (D:4)
45 creatures vanquished.

Grand Total: 585 creatures vanquished

Notes
Turn   | Place    | Note
-------+----------+-------------------------------------------
     0 | D:1      | RoseArtemis the Minotaur Fighter began the quest for the Orb.
     0 | D:1      | Reached XP level 1. HP: 19/19 MP: 0/0
   124 | D:1      | Reached XP level 2. HP: 27/27 MP: 1/1
   361 | D:1      | Reached skill level 4 in Armour
   580 | D:2      | Reached XP level 3. HP: 33/33 MP: 2/2
   660 | D:2      | Noticed Sigmund
   674 | D:2      | Killed Sigmund
   674 | D:2      | Reached skill level 5 in Axes
   674 | D:2      | Reached XP level 4. HP: 12/41 MP: 3/3
   674 | D:2      | Reached XP level 5. HP: 14/47 MP: 4/4
  1290 | D:2      | Found a runed door.
  1434 | D:2      | Reached skill level 5 in Fighting
  1434 | D:2      | Reached skill level 5 in Armour
  1850 | D:2      | Reached XP level 6. HP: 56/56 MP: 5/5
  2160 | D:3      | Reached skill level 1 in Maces & Flails
  2364 | D:3      | Found a snail-covered altar of Cheibriados.
  2725 | D:4      | Reached XP level 7. HP: 62/62 MP: 6/6
  2979 | D:4      | Reached skill level 6 in Armour
  3234 | D:4      | Reached skill level 5 in Maces & Flails
  3429 | D:5      | Entered Level 5 of the Dungeon
  3538 | D:5      | Noticed Pawles22's ghost (novice DEAE)
  3551 | D:5      | Killed Pawles22's ghost
  3551 | D:5      | Reached XP level 8. HP: 50/71 MP: 4/7
  3736 | D:5      | Reached skill level 7 in Armour
  4926 | D:6      | Noticed Eustachio
  4941 | D:6      | Killed Eustachio
  5021 | D:6      | Found a staircase to the Ecumenical Temple.
  5044 | Temple   | Entered the Ecumenical Temple
  5305 | Temple   | Became a worshipper of Warmaster Okawaru
  5338 | D:6      | Found Verchoadu's Magic Scroll Shoppe.
  5344 | D:6      | Bought a scroll of remove curse for 36 gold pieces
  5344 | D:6      | Bought a scroll of identify for 24 gold pieces
  5344 | D:6      | Bought a scroll of teleportation for 36 gold pieces
  5385 | D:6      | Noticed Menkaure
  5393 | D:6      | Killed Menkaure
  5708 | D:6      | Found a sacrificial altar of Ru.
  5734 | D:6      | Found Fiohuhoz's Distillery.
  5740 | D:6      | Bought a potion of curing for 42 gold pieces
  5740 | D:6      | Bought a potion of heal wounds for 70 gold pieces
  5801 | D:6      | Found Ymiulef's General Store.
  5839 | D:6      | Found Asusk's Weapon Shop.
  5904 | D:6      | Reached skill level 8 in Armour
  5904 | D:6      | Reached XP level 9. HP: 56/81 MP: 4/8
  6152 | D:6      | Found Laikhlin's Magic Scroll Shoppe.
  6155 | D:6      | Bought a scroll of identify for 22 gold pieces
  6155 | D:6      | Bought a scroll of identify for 22 gold pieces
  6570 | D:7      | Reached * piety under Okawaru
  6609 | D:7      | Noticed Pikel
  6660 | D:7      | Killed Pikel
  6853 | D:7      | Reached skill level 10 in Maces & Flails
  6880 | D:7      | Reached ** piety under Okawaru
  6891 | D:7      | Reached skill level 9 in Armour
  7511 | D:8      | Noticed a two-headed ogre
  7521 | D:8      | Killed a two-headed ogre
  7521 | D:8      | Reached *** piety under Okawaru
  7521 | D:8      | Reached XP level 10. HP: 73/91 MP: 6/9
  7855 | D:8      | Found a staircase to the Lair.
  7880 | D:8      | Reached **** piety under Okawaru
  8309 | D:7      | Reached skill level 10 in Armour
  8374 | D:6      | Bought a +2 cloak for 198 gold pieces
  8590 | D:9      | Found a staircase to the Orcish Mines.
  8596 | D:9      | Reached skill level 10 in Fighting
  8635 | D:9      | Found a stormy altar of Qazlal.
  8842 | D:9      | Paralysed by a hornet for 2 turns
  9422 | D:10     | Entered Level 10 of the Dungeon
  9504 | D:10     | Reached ***** piety under Okawaru
 10033 | D:10     | Killed an unseen horror
 10033 | D:10     | Reached XP level 11. HP: 97/101 MP: 7/10
 10154 | D:10     | Noticed Harold
 10487 | D:10     | Killed Harold
 10882 | Lair:1   | Entered Level 1 of the Lair of Beasts
 10925 | Lair:1   | Reached skill level 11 in Armour
 11340 | Lair:1   | Noticed an eight-headed hydra
 11350 | Lair:1   | Killed an eight-headed hydra
 12013 | Lair:2   | Identified Magic, Part One
 12039 | Lair:2   | Noticed an eight-headed hydra
 12047 | Lair:2   | Killed an eight-headed hydra
 12115 | Lair:2   | Found a staircase to the Swamp.
 12300 | Lair:2   | Found a staircase to the Snake Pit.
 12923 | Lair:3   | Reached skill level 1 in Invocations
 12926 | Lair:3   | Reached skill level 1 in Dodging
 13465 | Lair:3   | Received a gift from Okawaru
 13994 | Lair:3   | Reached skill level 12 in Armour
 14196 | Lair:3   | Reached XP level 12. HP: 112/112 MP: 13/13
 15544 | Lair:4   | Received a gift from Okawaru
 15544 | Lair:4   | Reached skill level 5 in Invocations
 16312 | Lair:5   | Noticed a death yak
 16312 | Lair:5   | Noticed a death yak
 16313 | Lair:5   | Noticed a death yak
 16313 | Lair:5   | Noticed a death yak
 16313 | Lair:5   | Noticed a death yak
 16373 | Lair:5   | Killed a death yak
 16381 | Lair:5   | Killed a death yak
 16388 | Lair:5   | Killed a death yak
 16388 | Lair:5   | Reached ****** piety under Okawaru
 16388 | Lair:5   | Received a gift from Okawaru
 16398 | Lair:5   | Killed a death yak
 16398 | Lair:5   | Reached skill level 5 in Dodging
 16404 | Lair:5   | Killed a death yak
 16892 | Lair:5   | Received a gift from Okawaru
 17091 | Lair:5   | Reached skill level 13 in Armour
 17555 | Lair:6   | Entered Level 6 of the Lair of Beasts
 17613 | Lair:6   | Reached XP level 13. HP: 98/122 MP: 17/17
 18445 | Lair:6   | Received a gift from Okawaru
 18635 | Lair:6   | Found a viscous altar of Jiyva.
 18636 | Lair:6   | Found a staircase to the Slime Pits.
 19767 | Lair:6   | Found a staircase to the Slime Pits.
 19768 | Lair:6   | Found a viscous altar of Jiyva.
 20435 | Lair:6   | Noticed a dire elephant
 20450 | Lair:6   | Killed a dire elephant
 20542 | Lair:6   | Noticed a dire elephant
 20542 | Lair:6   | Noticed a dire elephant
 20555 | Lair:6   | Killed a dire elephant
 20572 | Lair:6   | Killed a dire elephant
 20572 | Lair:6   | Reached skill level 14 in Armour
 20700 | Lair:6   | Noticed a dire elephant
 20723 | Lair:6   | Killed a dire elephant
 20723 | Lair:6   | Received a gift from Okawaru
 21323 | D:11     | Found a flagged portal.
 21337 | Bailey   | Entered a bailey
 22940 | D:11     | Found Vyrchiuj's Weapon Boutique.
 23230 | D:12     | Reached skill level 5 in Shields
 23586 | D:12     | Reached XP level 14. HP: 133/133 MP: 19/19
 23874 | D:12     | Reached skill level 15 in Armour
 24498 | Orc:1    | Entered Level 1 of the Orcish Mines
 24498 | Orc:1    | Found Echer's Assorted Antiques.
 24525 | Orc:1    | Bought a scroll of enchant weapon for 195 gold pieces
 24525 | Orc:1    | Bought 2 potions of curing for 156 gold pieces
 24536 | Orc:1    | Noticed kuniqs's ghost (journeyman DDFi)
 24580 | Orc:1    | Killed kuniqs's ghost
 24926 | Orc:1    | Noticed an orc warlord
 24998 | Orc:1    | Killed an orc warlord
 25367 | Orc:1    | Found a deep blue altar of Sif Muna.
 26062 | Orc:2    | Entered Level 2 of the Orcish Mines
 26081 | Orc:1    | Received a gift from Okawaru
 26206 | Orc:2    | Noticed an orc warlord
 26206 | Orc:2    | Noticed torrenera's ghost (journeyman HOFi)
 26365 | Orc:2    | Noticed an orc warlord
 26374 | Orc:2    | HP: 4/133 [orc warlord/war axe of pain (28)]
 26374 | Orc:2    | Slain by an orc warlord

Vault maps used:
D:1:      dpeg_arrival_rooms_with_view, hangedman_abyss_or_decor_lesser_grid
D:2:      first_ration, minmay_unequal, uniq_crazy_yiuf_cottage, uniq_sigmund
D:3:      lemuel_statue_altar
D:4:      cheibrodos_fertilizer, hangedman_feature_mirror
D:6:      minmay_temple_entry_butterflies, serial_shops, kennysheep_mini, shop,
          shop_fountains, nicolae_shop_temple_entry_statues_fountains,
          nicolae_shop_crystal, nicolae_ru_sacrificial_ziggurat, uniq_eustachio,
          uniq_menkaure
D:7:      uniq_pikel
D:8:      lair_entry_dummy
D:9:      nicolae_overflow_crystal_walls, orc_0_dummy
D:10:     uniq_psyche, uniq_harold
D:11:     enter_bailey_3, serial_shops, shop, serial_glass, glass_columns_a,
          glass_columns_c, glass_columns_a, glass_columns_a, glass_columns_a
Temple:   nicolae_temple_the_god_donut
Lair:2:   swamp_mist, guppyfry_snake_entry_island
Lair:3:   grunt_megastairs_4, infiniplex_staircase_pool, lemuel_fruit_fields
Lair:6:   due_jungle_book, slime_altar_1, wad_woods_river_02,
          infiniplex_staircase_pool_2
Orc:1:    cheibrodos_orc_guarddog, serial_shops, shop, led_sif_book
Orc:2:    grunt_orc_tribal_feast
Bailey:   bailey_polearm_2, bailey

Skill      XL: |  1  2  3  4  5  6  7  8  9 10 11 12 13 14 |
---------------+-------------------------------------------+-----
Axes           | 3 5 |  5.6
Fighting       | 4 5 6 7 9 10 12 13 14 | 14.9
Armour         | 4 5 6 8 9 10 12 13 14 15 | 15.5
Maces & Flails | 3 6 8 11 12 14 | 14.3
Invocations    | 3 7 8 |  8.8
Dodging        | 2 5 8 |  8.0
Shields        | 5 7 |  7.5

Action                   |  1- 3 |  4- 6 |  7- 9 | 10-12 | 13-15 || total
-------------------------+-------+-------+-------+-------+-------++-------
Melee: War axe           |    86 |    46 |       |       |       ||   132
       Headbutt          |    10 |    27 |    54 |   182 |   222 ||   495
       Flail             |       |    85 |   294 |   644 |   832 ||  1855
       Great mace        |       |       |       |    53 |       ||    53
Throw: Javelin           |       |       |       |     4 |    28 ||    32
Invok: Heroism           |       |       |     2 |     7 |    11 ||    20
       Finesse           |       |       |       |     5 |    10 ||    15
  Use: Scroll            |     1 |     2 |    11 |     8 |     5 ||    27
       Potion            |       |     1 |     2 |     9 |     6 ||    18
  Eat: Chunk             |       |     6 |     9 |    16 |    17 ||    48
       Ration            |       |       |     2 |     5 |     3 ||    10
Armor: Scale mail        |    27 |       |       |       |       ||    27
       Quicksilver drago |     3 |    61 |   129 |   336 |   322 ||   851
Dodge: Dodged            |    17 |    36 |    94 |   294 |   498 ||   939
Block: Shield            |    45 |    68 |   145 |    53 |       ||   311
       Buckler           |       |       |       |   143 |   286 ||   429

Table legend:
 A = Spawn XP
 B = Non-spawn XP
 C = Spawn XP percentage of total XP
 D = Spawn monster count
 E = Non-spawn monster count
 F = Spawn count percentage of total count
 G = Total turns spent on level
                    A         B        C        D         E        F      G
               +---------+---------+-------+---------+---------+-------+---------
         Total |       0 |   77607 |   0.0 |       0 |     536 |   0.0 | 26374
               +---------+---------+-------+---------+---------+-------+---------
           D:1 |       0 |      39 |   0.0 |       0 |      23 |   0.0 |   571
           D:2 |       0 |     342 |   0.0 |       0 |      30 |   0.0 |  1538
           D:3 |       0 |      98 |   0.0 |       0 |      25 |   0.0 |   417
           D:4 |       0 |     757 |   0.0 |       0 |      40 |   0.0 |   903
           D:5 |       0 |     707 |   0.0 |       0 |      16 |   0.0 |  1459
           D:6 |       0 |     987 |   0.0 |       0 |      20 |   0.0 |  1327
           D:7 |       0 |    2350 |   0.0 |       0 |      26 |   0.0 |  1083
           D:8 |       0 |    2285 |   0.0 |       0 |      20 |   0.0 |   924
           D:9 |       0 |    1668 |   0.0 |       0 |      14 |   0.0 |  1156
          D:10 |       0 |    3184 |   0.0 |       0 |      20 |   0.0 |  1442
          D:11 |       0 |    2584 |   0.0 |       0 |      33 |   0.0 |  1003
          D:12 |       0 |    9368 |   0.0 |       0 |      43 |   0.0 |  1348
        Lair:1 |       0 |    3716 |   0.0 |       0 |      17 |   0.0 |  1073
        Lair:2 |       0 |    2412 |   0.0 |       0 |      10 |   0.0 |   988
        Lair:3 |       0 |    4811 |   0.0 |       0 |      20 |   0.0 |  1404
        Lair:4 |       0 |    4563 |   0.0 |       0 |      21 |   0.0 |  1886
        Lair:5 |       0 |    9268 |   0.0 |       0 |      25 |   0.0 |  1631
        Lair:6 |       0 |   19560 |   0.0 |       0 |      50 |   0.0 |  3225
         Orc:1 |       0 |    6526 |   0.0 |       0 |      53 |   0.0 |  1706
         Orc:2 |       0 |     191 |   0.0 |       0 |       5 |   0.0 |    28
        Bailey |       0 |    2191 |   0.0 |       0 |      25 |   0.0 |   986
               +---------+---------+-------+---------+---------+-------+---------
